 Dungeon Crawl Stone Soup version 0.21-a0-531-gacddea6 (webtiles) character file.

119 Exaltedone87 the Chiller (level 4, -2/35 HPs)
             Began as a Draconian Ice Elementalist on Dec 13, 2017.
             Slain by Exaltedone87's ghost (10 damage)
             ... on level 3 of the Dungeon.
             The game lasted 00:06:52 (2563 turns).

Exaltedone87 the Chiller (DrIE)                     Turns: 2563, Time: 00:06:53

Health: -2/35      AC:  5    Str: 11    XL:     4   Next: 73%
Magic:  1/8        EV: 11    Int: 16    God:
Gold:   108        SH:  3    Dex: 11    Spells: 6/9 levels left

rFire    . . .     SeeInvis .   l - +0 whip
rCold    . . .     Gourm    .   h - +0 buckler
rNeg     . . .     Faith    .   (armour unavailable)
rPois    .         Spirit   .   (helmet restricted)
rElec    .         Reflect  .   (no cloak)
rCorr    .         Harm     .   (no gloves)
MR       .....                  (no boots)
Stlth    ++........             (no amulet)
HPRegen  0.11/turn              (no ring)
MPRegen  0.11/turn              (no ring)

@: no status effects
A: unfitting armour, cold-blooded, AC +5
a: no special abilities


You were on level 3 of the Dungeon.
You were hungry.

You visited 1 branch of the dungeon, and saw 3 of its levels.

You collected 108 gold pieces.

Inventory:

Hand Weapons
 l - a +0 whip (weapon)
Armour
 h - a +0 buckler (worn)
Jewellery
 i - a +6 amulet of reflection {unknown}
Scrolls
 g - a scroll of remove curse
Potions
 c - 3 potions of cancellation {unknown}
 d - 2 potions of curing
 e - 2 potions of agility {unknown}
 j - 3 potions of brilliance {unknown}
 n - a potion of flight {unknown}
 o - a potion of invisibility {unknown}
Books
 a - a book of Frost

   Spells                             Type                      Level
   a - Freeze                         Ice                          1
   b - Throw Frost                    Conjuration/Ice              2
   c - Ozocubu's Armour               Charms/Ice                   3
   d - Throw Icicle                   Conjuration/Ice              4
   e - Summon Ice Beast               Ice/Summoning                4
Comestibles
 b - 3 bread rations
 k - 2 chunks of flesh
 m - a meat ration


   Skills:
 + Level 1.6 Fighting
 + Level 2.2 Dodging
 + Level 2.5 Stealth
 + Level 0.1 Shields
 * Level 3.1 Spellcasting
 + Level 1.1 Conjurations
 + Level 3.5 Ice Magic


You had 6 spell levels left.
You knew the following spells:

 Your Spells              Type           Power        Failure   Level  Hunger
a - Freeze                Ice            ##..         7%          1    None
b - Throw Frost           Conj/Ice       ##....       17%         2    ##.....


Dungeon Overview and Level Annotations

Branches:
Dungeon (3/15)

Altars:
Ashenzari
Fedhas

Annotations:
D:3 Exaltedone87's ghost, amateur DDFi


Innate Abilities, Weirdness & Mutations

Your plain brown scales are hard. (AC +5)
You cannot fit into any form of body armour.
You are cold-blooded and may be slowed by cold attacks.


Message History

Exaltedone87's ghost is moderately damaged.
Exaltedone87's ghost hits you but does no damage.
You hit Exaltedone87's ghost but do no damage.
Exaltedone87's ghost is moderately damaged.
Exaltedone87's ghost hits you!
You hit Exaltedone87's ghost but do no damage.
Exaltedone87's ghost is moderately damaged.
Exaltedone87's ghost hits you!
* * * LOW HITPOINT WARNING * * *
You closely miss Exaltedone87's ghost.
Exaltedone87's ghost is moderately damaged.
Exaltedone87's ghost closely misses you.
You barely miss Exaltedone87's ghost.
Exaltedone87's ghost is moderately damaged.
Exaltedone87's ghost hits you.
* * * LOW HITPOINT WARNING * * *
You hit Exaltedone87's ghost but do no damage.
Exaltedone87's ghost is moderately damaged.
Exaltedone87's ghost hits you!
You die...

# ####### # #.....# #
##.###.# #
.##########.#.##.### #
...:..W@...###.....## ##
..#########.#.#.....###.
.............
###.#[....#### #.##.#.##
# # ##.#.# #.#.# #.#.#
#.#


You could see Exaltedone87's ghost.

Vanquished Creatures
  4 adders (D:2)
  2 oozes (D:1)
  2 worms (D:2)
  7 dart slugs
  3 leopard geckos
  A giant cockroach (D:2)
  7 goblins
  5 hobgoblins
  6 jackals
  A quokka (D:2)
  8 bats
  A frilled lizard (D:1)
  A jackal zombie (D:2)
  7 kobolds
  A rat (D:1)
56 creatures vanquished.

Notes
Turn   | Place    | Note
-------+----------+-------------------------------------------
     0 | D:1      | Exaltedone87 the Draconian Ice Elementalist began the quest for the Orb.
     0 | D:1      | Reached XP level 1. HP: 14/14 MP: 3/3
    89 | D:1      | Reached XP level 2. HP: 13/20 MP: 5/5
   739 | D:1      | Reached XP level 3. HP: 23/27 MP: 2/6
  1212 | D:1      | Learned a level 1 spell: Freeze
  1215 | D:1      | Learned a level 2 spell: Throw Frost
  1255 | D:2      | Found a shattered altar of Ashenzari.
  1273 | D:2      | Reached skill level 1 in Fighting
  1658 | D:2      | Reached XP level 4. HP: 25/35 MP: 5/8
  2218 | D:2      | Found a blossoming altar of Fedhas.
  2550 | D:3      | Noticed Exaltedone87's ghost (amateur DDFi)
  2563 | D:3      | Slain by Exaltedone87's ghost

Vault maps used:
D:1:      dpeg_arrival_rooms_with_view
D:2:      lemuel_doored_altar, hangedman_decor_peaks_small, ashenzari_altar_1
D:3:      lemuel_round_altar, uniq_jessica

Skill      XL: |  1  2  3  4 |
---------------+-------------+-----
Stealth        | 2 |  2.5
Dodging        | 2 |  2.2
Fighting       | 1 |  1.6
Spellcasting   | 3 |  3.1
Shields        | |  0.1
Conjurations   | |  1.1
Ice Magic      | |  3.5

Action                   |  1- 3 |  4- 6 || total
-------------------------+-------+-------++-------
Melee: Unarmed           |    56 |       ||    56
       Tailslap          |    11 |     1 ||    12
       Whip              |    56 |    68 ||   124
 Cast: Freeze            |    36 |    12 ||    48
       Throw Frost       |     3 |    13 ||    16
  Use: Scroll            |     5 |     2 ||     7
 Stab: Sleeping          |     2 |     1 ||     3
  Eat: Chunk             |     3 |     3 ||     6
Armor: Skin              |    51 |    26 ||    77
Dodge: Dodged            |   111 |    39 ||   150
Block: Buckler           |       |     1 ||     1

Table legend:
 A = Spawn XP
 B = Non-spawn XP
 C = Spawn XP percentage of total XP
 D = Spawn monster count
 E = Non-spawn monster count
 F = Spawn count percentage of total count
 G = Total turns spent on level
                    A         B        C        D         E        F      G
               +---------+---------+-------+---------+---------+-------+---------
         Total |       0 |     170 |   0.0 |       0 |      56 |   0.0 |  2563
               +---------+---------+-------+---------+---------+-------+---------
           D:1 |       0 |      50 |   0.0 |       0 |      20 |   0.0 |  1217
           D:2 |       0 |     114 |   0.0 |       0 |      34 |   0.0 |  1271
           D:3 |       0 |       6 |   0.0 |       0 |       2 |   0.0 |    75
               +---------+---------+-------+---------+---------+-------+---------
